 Dungeon Crawl Stone Soup version 0.21.0-3-g78d12a8 (console) character file.

46 toffzen the Chiller (level 3, -1/26 HPs)
             Began as a Merfolk Ice Elementalist on Jan 10, 2018.
             Slain by an orc (2 damage)
             ... on level 3 of the Dungeon.
             The game lasted 00:06:53 (2196 turns).

toffzen the Chiller (Merfolk Ice Elementalist)      Turns: 2196, Time: 00:06:54

Health: -1/26      AC:  2    Str:  9    XL:     3   Next: 66%
Magic:  0/6        EV: 10    Int: 14    God:
Gold:   53         SH:  6    Dex: 14    Spells: 5/6 levels left

rFire    . . .     SeeInvis .   f - +0 dagger
rCold    . . .     Gourm    .   j - +0 shield (curse)
rNeg     . . .     Faith    .   a - +0 robe
rPois    .         Spirit   .   (no helmet)
rElec    .         Reflect  .   (no cloak)
rCorr    .         Harm     .   (no gloves)
MR       .....                  (no boots)
Stlth    ++........             (no amulet)
HPRegen  0.08/turn              (no ring)
MPRegen  0.10/turn              (no ring)

@: very slightly contaminated, drained
A: change form in water, swift swim, stealthy swim
a: no special abilities


You were on level 3 of the Dungeon.
You were not hungry.

You visited 1 branch of the dungeon, and saw 3 of its levels.

You collected 53 gold pieces.

Inventory:

Hand Weapons
 e - a +0 hunting sling
 f - a +0 dagger (weapon)
Missiles
 m - 41 stones (quivered)
Armour
 a - a +0 robe (worn)
 h - a +0 leather armour
 i - a +0 ring mail
 j - a cursed +0 shield (worn)
Scrolls
 d - 2 scrolls of identify
Potions
 k - a potion of agility
 l - a potion of magic
Books
 b - a book of Frost

   Spells                             Type                      Level
   a - Freeze                         Ice                          1
   b - Throw Frost                    Conjuration/Ice              2
   c - Ozocubu's Armour               Charms/Ice                   3
   d - Throw Icicle                   Conjuration/Ice              4
   e - Summon Ice Beast               Ice/Summoning                4
Comestibles
 c - 4 rations
 g - 3 chunks of flesh


   Skills:
 + Level 1.4(0.7) Fighting
 + Level 3.4(2.6) Dodging
 - Level 2.1(1.4) Stealth
 - Level 2.0(1.2) Spellcasting
   Level 0.7(0.0) Conjurations
 * Level 4.2(3.4) Ice Magic


You had 5 spell levels left.
You knew the following spells:

 Your Spells              Type           Power        Failure   Level  Hunger
a - Freeze                Ice            ##..         41%         1    ##.....


Dungeon Overview and Level Annotations

Branches:
Dungeon (2/15)

Altars:


Message History

Aiming: Freeze
Press: ? - help, Shift-Dir - straight line, f - orc
Aim: an orc, wielding a club and wearing a leather armour (almost dead)
You miscast Freeze.
Frost covers your body. The orc hits you.
* * * LOW HITPOINT WARNING * * *
The orc hits you with a club.
* * * LOW HITPOINT WARNING * * *
Casting: Freeze
Confirm with . or Enter, or press ? or * to list all spells.
You don't have enough magic to cast that spell.
Casting: Freeze
Confirm with . or Enter, or press ? or * to list all spells.
You don't have enough magic to cast that spell.
Casting: Freeze
Confirm with . or Enter, or press ? or * to list all spells.
You don't have enough magic to cast that spell.
You barely miss the orc.
The orc is almost dead.
The orc hits you.
You die...

..#.## .....# #+####
.....# #....# ....o#
#....# ....#
#....#################..#
#...................o.$.#
#...........)o########.##
#...........o@# ...
#....[........# .###
#.............# ..
#..รท..........# .#
#...).........# .#
#....######...# .# ######
#...# #...# #...#


You could see 2 orcs.

Vanquished Creatures
  An adder (D:1)
  2 dart slugs (D:2)
  2 orcs (D:3)
  3 giant cockroaches
  2 goblins (D:1)
  3 hobgoblins
  5 jackals
  6 bats (D:1)
  3 frilled lizards (D:1)
  A kobold (D:1)
  2 rats (D:1)
30 creatures vanquished.

Notes
Turn   | Place    | Note
-------+----------+-------------------------------------------
     0 | D:1      | toffzen the Merfolk Ice Elementalist began the quest for the Orb.
     0 | D:1      | Reached XP level 1. HP: 13/13 MP: 3/3
   487 | D:1      | Reached XP level 2. HP: 20/20 MP: 5/5
  1289 | D:1      | Reached skill level 1 in Fighting
  1593 | D:2      | Reached skill level 4 in Ice Magic
  1593 | D:2      | Reached XP level 3. HP: 25/26 MP: 6/6
  1821 | D:2      | You fall through a shaft!
  2195 | D:3      | HP: 1/26 [orc/club (2)]
  2196 | D:3      | Slain by an orc

Skill      XL: |  1  2 |
---------------+-------+-----
Dodging        | 3 |  3.4
Fighting       | 1 |  1.4
Ice Magic      | 4 |  4.2
Stealth        | |  2.1
Spellcasting   | |  2.0
Conjurations   | |  0.7

Action                   || total
-------------------------++-------
Melee: Dagger            ||   183
Throw: Stone             ||     8
 Cast: Freeze            ||    12
  Use: Scroll            ||     2
       Potion            ||     1
 Stab: Sleeping          ||     3
       Distracted        ||     1
  Eat: Ration            ||     1
       Chunk             ||     1
Armor: Robe              ||     6
       Ring mail         ||    72
Dodge: Dodged            ||    96
Block: Shield            ||    63
